 Dungeon Crawl Stone Soup version 0.27.1-1-g398f81649c (webtiles) character file.

Game seed: 13627365313019381076

257 greenlake the Shield-Bearer (level 6, -4/53 HPs)
             Began as a Gnoll Fighter on Sept 14, 2021.
             Killed by nerve-wracking pain
             ... invoked by Grinder
              (10 damage)
             ... while paralysed by Grinder
             ... on level 3 of the Dungeon.
             The game lasted 00:04:01 (2234 turns).

greenlake the Shield-Bearer (Gnoll Fighter)         Turns: 2234, Time: 00:04:02

Health: -4/53      AC:  9    Str: 16    XL:     6   Next: 16%
Magic:  8/8        EV:  2    Int:  9    God:
Gold:   155        SH:  0    Dex: 11    Spells: 8/8 levels left

rFire    . . .     SeeInvis .   g - +2 dagger (speed)
rCold    . . .     Faith    .   c - +0 kite shield
rNeg     . . .     Spirit   .   b - +0 scale mail
rPois    .         Reflect  .   p - +0 helmet
rElec    .         Harm     .   (no cloak)
rCorr    .         Rampage  .   (no gloves)
Will     .....                  (no boots)
Stlth    ..........             (no amulet)
HPRegen  0.17/turn              (no ring)
MPRegen  0.11/turn              (no ring)

@: paralysed
A: fangs 1, strong nose, distributed training
a: no special abilities


You were on level 3 of the Dungeon.
You visited 1 branch of the dungeon, and saw 3 of its levels.

You collected 155 gold pieces.

Inventory:

Hand Weapons
 a - a +0 trident
 g - a +2 dagger of speed (weapon)
Armour
 b - a +0 scale mail (worn)
 c - a +0 kite shield (worn)
 p - a +0 helmet (worn)
Wands
 n - a wand of paralysis (3)
Scrolls
 e - 2 scrolls of amnesia {unknown}
 f - 2 scrolls of noise {unknown}
 h - a scroll of immolation {unknown}
 i - a scroll of fear {unknown}
 j - 3 scrolls of vulnerability {unknown}
 l - a scroll of identify {unknown}
 m - a scroll of enchant weapon {unknown}
 o - 2 scrolls of teleportation {unknown}
Potions
 d - a potion of might
 k - 2 potions of lignification {unknown}
 q - a potion of curing {unknown}
 r - a potion of attraction {unknown}


   Skills:
 + Level 6.8 Fighting
 + Level 1.8 Short Blades
 + Level 1.8 Long Blades
 + Level 1.8 Axes
 + Level 1.8 Maces & Flails
 + Level 4.9 Polearms
 + Level 1.8 Staves
 + Level 1.8 Slings
 + Level 1.8 Bows
 + Level 1.8 Crossbows
 + Level 1.8 Throwing
 + Level 6.8 Armour
 + Level 1.8 Dodging
 + Level 1.8 Stealth
 + Level 6.8 Shields
 + Level 1.8 Unarmed Combat
 + Level 1.8 Spellcasting
 + Level 1.4 Conjurations
 + Level 1.4 Hexes
 + Level 1.4 Summonings
 + Level 1.4 Necromancy
 + Level 1.4 Translocations
 + Level 1.4 Transmutations
 + Level 1.4 Fire Magic
 + Level 1.4 Ice Magic
 + Level 1.4 Air Magic
 + Level 1.4 Earth Magic
 + Level 1.4 Poison Magic
 + Level 2.0 Invocations
 + Level 1.8 Evocations


You had 8 spell levels left.
You didn't know any spells.
Your spell library contained the following spells:

 Spells                   Type           Power      Damage    Failure   Level
 Animate Skeleton         Necr           6%         N/A       86%         1
 Apportation              Tloc           6%         N/A       86%         1
 Corona                   Hex            3%         N/A       86%         1
 Summon Small Mammal      Summ           12%        N/A       86%         1
 Portal Projectile        Hex/Tloc       6%         N/A       99%         3
 Spider Form              Tmut/Pois      1%         N/A       99%         3
 Alistair's Intoxication  Tmut/Pois      2%         N/A       100%        5
 Disjunction              Tloc           1%         N/A       100%        8


Dungeon Overview and Level Annotations

Branches:
Dungeon (3/15)

Altars:

Annotations:
D:3 Grinder


Innate Abilities, Weirdness & Mutations

You have very sharp teeth.
Your uncanny sense of smell can sniff out nearby items.
Your experience applies equally to all skills.


Message History

You barely resist. You completely miss Grinder.
Grinder is moderately wounded.
Grinder hits you.
You writhe in agony.
You hit Grinder but do no damage.
Grinder is moderately wounded.
Grinder rolls her eyes.
Grinder gestures at you.
You suddenly lose the ability to move!
Grinder says, "Tell me all your secrets, or I'll kill you."
Grinder gestures at you. Pain shoots through your body! Grinder hits you.
You writhe in agony.
Grinder hits you.
* * * LOW HITPOINT WARNING * * *
Grinder blinks!
You can move again.
There is a stone staircase leading down here.
Grinder gestures at you. Pain shoots through your body!
* * * LOW HITPOINT WARNING * * *
Grinder gestures at you. You resist with significant effort.
Grinder grins, showing sharp teeth.
Grinder gestures at you.
You barely resist.
Grinder blinks!
You block Grinder's attack. Grinder gestures at you.
You resist with significant effort. Grinder gestures at you.
You barely resist. Grinder gestures at you.
You suddenly lose the ability to move!
Grinder gestures at you. Pain shoots through your body!
* * * LOW HITPOINT WARNING * * *
Grinder gestures at you. Pain shoots through your body!
You die...

..### #..# ..# #.##
###### ..### #<#
#....#
....#####.####....#
..#...##..........#
..###.##...###...>####
### #.....## ##......#
#####....######..<...#
............5...@....#
#......##.######.....#
##.##.###.# #.....#
.#....# #.# #.....#
....#.# #.# #######
#...#.###.##
..#..).....####
###.###.......#
###.#####.....#


You could see Grinder.

Vanquished Creatures
  A sky beast (D:3)
  An ogre (D:2)
  3 adders (D:2)
  2 worms (D:2)
  2 dart slugs (D:1)
  An orc (D:3)
  4 ball pythons
  5 endoplasms
  A giant cockroach (D:3)
  5 goblins
  A hobgoblin (D:3)
  4 jackals
  3 kobolds
  3 bats
  3 frilled lizards
  10 rats
49 creatures vanquished.

Notes
Turn   | Place    | Note
-------+----------+-------------------------------------------
     0 | D:1      | greenlake the Gnoll Fighter began the quest for the Orb.
     0 | D:1      | Reached XP level 1. HP: 23/23 MP: 1/1
   123 | D:1      | Reached XP level 2. HP: 18/29 MP: 2/2
   488 | D:1      | Reached XP level 3. HP: 31/35 MP: 3/3
   556 | D:1      | Found a faded altar of an unknown god.
   836 | D:2      | Reached skill level 1 in Invocations
   873 | D:2      | Noticed an ogre
   885 | D:2      | Killed an ogre
   886 | D:2      | Reached skill level 1 in Short Blades
   886 | D:2      | Reached skill level 1 in Long Blades
   886 | D:2      | Reached skill level 1 in Axes
   886 | D:2      | Reached skill level 1 in Maces & Flails
   886 | D:2      | Reached skill level 1 in Staves
   886 | D:2      | Reached skill level 1 in Slings
   886 | D:2      | Reached skill level 1 in Bows
   886 | D:2      | Reached skill level 1 in Crossbows
   886 | D:2      | Reached skill level 1 in Throwing
   886 | D:2      | Reached skill level 1 in Dodging
   886 | D:2      | Reached skill level 1 in Stealth
   886 | D:2      | Reached skill level 1 in Unarmed Combat
   886 | D:2      | Reached skill level 1 in Spellcasting
   886 | D:2      | Reached skill level 1 in Conjurations
   886 | D:2      | Reached skill level 1 in Hexes
   886 | D:2      | Reached skill level 1 in Summonings
   886 | D:2      | Reached skill level 1 in Necromancy
   886 | D:2      | Reached skill level 1 in Translocations
   886 | D:2      | Reached skill level 1 in Transmutations
   886 | D:2      | Reached skill level 1 in Fire Magic
   886 | D:2      | Reached skill level 1 in Ice Magic
   886 | D:2      | Reached skill level 1 in Air Magic
   886 | D:2      | Reached skill level 1 in Earth Magic
   886 | D:2      | Reached skill level 1 in Poison Magic
   886 | D:2      | Reached skill level 1 in Evocations
   886 | D:2      | Reached XP level 4. HP: 25/41 MP: 4/6
   886 | D:2      | Reached XP level 5. HP: 29/47 MP: 4/7
  1799 | D:3      | Got Dezo's Guide on the Unstable Compass
  1990 | D:3      | Noticed a sky beast
  2010 | D:3      | Killed a sky beast
  2011 | D:3      | Reached XP level 6. HP: 32/53 MP: 8/8
  2159 | D:3      | Noticed Grinder
  2164 | D:3      | Paralysed by Grinder for 4 turns
  2188 | D:3      | Paralysed by Grinder for 4 turns
  2232 | D:3      | Paralysed by Grinder for 6 turns
  2234 | D:3      | Killed from afar by Grinder

Illustrated notes

Levels and vault maps discovered:
D:1:      dpeg_arrival_pits, layout_rooms,
          hellmonk_ecumenical_altar_heavens_door, minmay_small_reverse_x
D:2:      layout_loops_ring, minmay_distorted
D:3:      layout_rooms, minmay_box_of_dots, uniq_grinder

Skill      XL: |  1  2  3  4  5 |
---------------+----------------+-----
Invocations    | 1 2 |  2.0
Short Blades   | 1 |  1.8
Long Blades    | 1 |  1.8
Axes           | 1 |  1.8
Maces & Flails | 1 |  1.8
Staves         | 1 |  1.8
Slings         | 1 |  1.8
Bows           | 1 |  1.8
Crossbows      | 1 |  1.8
Throwing       | 1 |  1.8
Dodging        | 1 |  1.8
Stealth        | 1 |  1.8
Unarmed Combat | 1 |  1.8
Spellcasting   | 1 |  1.8
Conjurations   | 1 |  1.4
Hexes          | 1 |  1.4
Summonings     | 1 |  1.4
Necromancy     | 1 |  1.4
Translocations | 1 |  1.4
Transmutations | 1 |  1.4
Fire Magic     | 1 |  1.4
Ice Magic      | 1 |  1.4
Air Magic      | 1 |  1.4
Earth Magic    | 1 |  1.4
Poison Magic   | 1 |  1.4
Evocations     | 1 |  1.8
Fighting       | |  6.8
Polearms       | |  4.9
Armour         | |  6.8
Shields        | |  6.8

Action                   |  1- 3 |  4- 6 || total
-------------------------+-------+-------++-------
Melee: Trident           |    56 |       ||    56
       Bite              |    10 |    12 ||    22
       Dagger            |    39 |   135 ||   174
Armor: Scale mail        |    32 |    36 ||    68
Dodge: Dodged            |    19 |    16 ||    35
Block: Kite shield       |    52 |    49 ||   101
